 Dungeon Crawl Stone Soup version 0.18-a0-1683-gf9322e6 (webtiles) character file.

191 namelastname112 the Slasher (level 5, -2/47 HPs)
             Began as a Draconian Berserker on Apr 3, 2016.
             Was a Priest of Trog.
             Slain by an ogre
             ... wielding a +0 giant club
              (21 damage)
             ... on level 4 of the Dungeon.
             The game lasted 00:02:42 (2161 turns).

namelastname112 the Slasher (Draconian Berserker)   Turns: 2161, Time: 00:02:43

Health: -2/47      AC:  7    Str: 20    XL:     5   Next: 41%
Magic:  5/5        EV: 13    Int:  7    God:    Trog [***...]
Gold:   115        SH:  0    Dex: 11    Spells: 0 memorised, 4 levels left

rFire  + . .     SeeInvis .     a - +0 falchion
rCold  . . .     Gourm    .     (armour unavailable)
rNeg   . . .     Faith    .     (no shield)
rPois  .         Spirit   .     t - +1 hat
rElec  .         Dismiss  .     (no cloak)
rCorr  .         Reflect  .     (no gloves)
SustAt .         Harm     .     k - +0 pair of boots
MR     .....                    (no amulet)
Stlth  +.........               (no ring)
                                e - ring of protection from fire

@: not resistant to hostile enchantments, very unstealthy
A: unfitting armour, cold-blooded, AC +5
a: Berserk, Trog's Hand, Burn Spellbooks, Renounce Religion


You were on level 4 of the Dungeon.
You worshipped Trog.
Trog was most pleased with you.
You were not hungry.

You visited 1 branch of the dungeon, and saw 4 of its levels.

You collected 115 gold pieces.

Inventory:

Hand Weapons
 a - a +0 falchion (weapon)
Armour
 k - a +0 pair of boots (worn)
 t - a +1 hat (worn)
Jewellery
 e - a ring of protection from fire (left hand)
 r - an uncursed ring of ice
Scrolls
 c - 5 scrolls of teleportation {unknown}
 g - a scroll of random uselessness {unknown}
 h - 6 scrolls of identify {unknown}
 i - 2 scrolls of remove curse {unknown}
 l - a scroll of enchant armour {unknown}
 p - a scroll of blinking {unknown}
 q - a scroll of immolation {unknown}
 u - a scroll of amnesia {unknown}
Potions
 d - 2 potions of curing {unknown}
 j - 2 potions of resistance {unknown}
 m - 2 potions of berserk rage {unknown}
 o - a potion of mutation {unknown}
 s - a potion of lignification {unknown}
Comestibles
 b - 3 bread rations
 f - a meat ration
 n - a slice of pizza


   Skills:
 + Level 4.5 Fighting
 * Level 5.0 Long Blades
 + Level 3.3 Dodging


You had 4 spell levels left.
You didn't know any spells.

Dungeon Overview and Level Annotations

Branches:
Dungeon (4/15)
 Temple: D:4-7

Altars:
Trog


Innate Abilities, Weirdness & Mutations

Your plain brown scales are hard (AC +5).
Your body does not fit into most forms of armour.
You are cold-blooded and may be slowed by cold attacks.


Message History

HP restored.
You now have 115 gold pieces (gained 9).
An ogre comes into view. It is wielding a giant club.
The ogre shouts!
An ogre is nearby!
An ogre is nearby!
The ogre hits you with a giant club!!
Ouch! That really hurt!
You hit the ogre.
The ogre is lightly wounded.
You hit the ogre.
The ogre is moderately wounded.
The ogre misses you.
You hit the ogre. You tail-slap the ogre.
The ogre is heavily wounded.
The ogre completely misses you.
You completely miss the ogre.
The ogre is heavily wounded.
The ogre hits you with a giant club!!
You die...

#.# ### #.# #
#.###########.#
#...†.........#
#.............#
#..)..........#
#.......).....#
#....[.........
#.###)@.......#
#!# #.O#####..#
#. ...... ...
#.#.......# ##
#........#
####.###.# #.#
... #.. ..


You could see an ogre.

Vanquished Creatures
  A scorpion (D:4)
  An orc wizard (D:4)
  2 adders (D:3)
  2 oozes
  A worm (D:2)
  A dart slug (D:2)
  4 giant geckos
  5 orcs
  2 ball pythons
  5 giant cockroaches
  7 hobgoblins
  3 jackals (D:1)
  3 quokkas
  9 bats
  7 giant newts
  6 goblins
  6 kobolds
  12 rats
77 creatures vanquished.

Notes
Turn   | Place    | Note
--------------------------------------------------------------
     0 | D:1      | namelastname112 the Draconian Berserker began the quest for the Orb.
     0 | D:1      | Reached XP level 1. HP: 19/19 MP: 1/1
   141 | D:1      | Reached XP level 2. HP: 26/26 MP: 2/2
   435 | D:1      | Reached ** piety under Trog
   435 | D:1      | Reached XP level 3. HP: 29/33 MP: 3/3
   844 | D:2      | Found a bloodstained altar of Trog.
   868 | D:2      | Reached skill level 4 in Long Blades
  1006 | D:2      | You fall through a shaft for 2 floors!
  1172 | D:3      | Reached XP level 4. HP: 23/40 MP: 4/4
  1844 | D:3      | Reached *** piety under Trog
  2135 | D:4      | Reached XP level 5. HP: 44/47 MP: 5/5
  2145 | D:4      | Reached skill level 5 in Long Blades
  2154 | D:4      | Noticed an ogre
  2161 | D:4      | Slain by an ogre

Vault maps used:
D:1:      scummos_arrival_star, hex_medium, patterned_corridor
D:2:      trog_butcher_becter
D:3:      first_bread

Skill      XL: |  1  2  3  4  5 |
---------------+----------------+-----
Fighting       | 4 |  4.5
Long Blades    | 4 5 |  5.0
Dodging        | 3 |  3.3

Action                   |  1- 3 |  4- 6 || total
-------------------------+-------+-------++-------
Melee: Falchion          |   145 |    83 ||   228
  Eat: Chunk             |     1 |     3 ||     4
